 Dungeon Crawl Stone Soup version 0.28.0 (webtiles) character file.

Game seed: 16897449711950516865

882 Discosetron the Magician (level 8, -6/50 HPs)
             Began as a Djinni Air Elementalist on Feb 16, 2022.
             Was an Initiate of Makhleb.
             Shot with an arrow by a centaur (9 damage)
             ... on level 5 of the Dungeon on Feb 18, 2022.
             The game lasted 00:10:56 (6275 turns).

Discosetron the Magician (Djinni Air Elementalist)  Turns: 6275, Time: 00:10:56

Health: -6/50      AC:  3    Str:  7    XL:     8   Next: 25%
Gold:   269        EV: 12    Int: 19    God:    Makhleb [......] SH:  0 Dex: 14

rFire   + + .      SeeInvis .   u - staff of conjuration
rCold   x . .      Faith    .   (no shield)
rNeg    . . .      Spirit   .   a - +1 robe
rPois   ∞          Reflect  .   (no helmet)
rElec   .          Harm     .   (no cloak)
rCorr   .          Rampage  .   (no gloves)
Will    .....                   (boots unavailable)
Stlth   ++........              (no amulet)
HPRegen 0.16/turn               (no ring)
MPRegen 0.00/turn               (no ring)

@: flying
A: sickness immunity, fire resistance 2, cold vulnerability 1, float, innate
caster, HP casting, extra vitality 1, mutation resistance 1
a: Renounce Religion


You were on level 5 of the Dungeon.
You worshipped Makhleb.
Makhleb was noncommittal.
You visited 2 branches of the dungeon, and saw 6 of its levels.

You collected 269 gold pieces.

Inventory:

Missiles
 i - a throwing net
Armour
 a - a +1 robe (worn)
Magical Staves
 u - a staff of conjuration (weapon)
Jewellery
 h - a +6 ring of intelligence
Wands
 q - a wand of charming (11)
 s - a wand of iceblast (9)
Scrolls
 b - a scroll of blinking {unknown}
 c - a scroll of amnesia {unknown}
 e - 3 scrolls of vulnerability
 f - a scroll of fear {unknown}
 g - a scroll of identify
 j - a scroll of teleportation {unknown}
 m - a scroll of acquirement {unknown}
Potions
 o - a potion of heal wounds {unknown}
 p - 3 potions of might
 r - a potion of ambrosia {unknown}
 t - a potion of haste {unknown}


   Skills:
 - Level 2.1 Dodging
 - Level 1.5 Stealth
 + Level 7.2 Spellcasting


You had 5 spell levels left.
You knew the following spells:

 Your Spells              Type           Power      Damage    Failure   Level
a - Shock                 Conj/Air       100%       1d9       1%          1
b - Static Discharge      Conj/Air       51%        N/A       1%          2
c - Slow                  Hex            100%       N/A       1%          1
d - Call Imp              Summ           34%        N/A       1%          2
e - Ignite Poison         Fire/Tmut/Pois 34%        N/A       1%          3
h - Airstrike             Air            17%        N/A       4%          4
u - Swiftness             Air            34%        N/A       1%          3
Your spell library was empty.

Dungeon Overview and Level Annotations

Branches:
Dungeon (5/15)             Temple (1/1) D:5

Altars:
Cheibriados
Dithmenos
Fedhas
Gozag
Hepliaklqana
Kikubaaqudgha
Makhleb
Okawaru
Qazlal
Ru
Sif Muna
Trog
Uskayaw
Vehumet
Wu Jian
Xom
Yredelemnul
The Shining One

Shops:
D:1 =   D:5 *


Innate Abilities, Weirdness & Mutations

You are immune to sickness and miasma.
You are immune to poison.
Your flesh is very heat resistant. (rF++)
You are vulnerable to cold. (rC-)
You float through the air rather than walking.
You learn spells naturally, not from books.
Your magical power is your life essence.
You have superior vitality. (+4 MHP)
You are somewhat resistant to further mutation.


Message History

As you read the scroll labelled GUMOCY GA DOMI, it crumbles to dust.
It is a scroll of enchant armour.
Your +0 robe glows green for a moment.
As you read the scroll labelled ASUVEF PID, it crumbles to dust.
It is a scroll of identify.
p - 3 potions of might It was a potion of mutation.
You feel extremely strange.
You feel genetically stable.
It was a potion of curing.
You feel better.
You see here 24 stones.
The centaur is no longer charmed.
The centaur shoots an arrow.
The arrow completely misses you.
The centaur shoots an arrow.
The arrow hits you!
* * * LOW HITPOINT WARNING * * *
The centaur shoots an arrow.
The arrow hits you.
* * * LOW HITPOINT WARNING * * *
It was a potion of cancellation.
Your magical effects are unravelling.
You feel magically purged.
You feel your willpower return.
Casting: Airstrike (dangerous; 4% risk of failure)
Confirm with . or Enter, or press ? or * to list all spells.
Aiming: Airstrike (dangerous; 4% risk of failure)
Press: ? - help, Dir - move target, f/p - centaur
Aim: a centaur, wielding a +0 shortbow and quivering arrows (weak-willed, empty space bonus: 6/8)
The air twists around and strikes the centaur!
The centaur is heavily wounded.
* * * LOW HITPOINT WARNING * * *
The centaur shoots an arrow.
The arrow hits you.
* * * LOW HITPOINT WARNING * * *
Casting: Airstrike (dangerous; 4% risk of failure)
Confirm with . or Enter, or press ? or * to list all spells.
Aiming: Airstrike (dangerous; 4% risk of failure)
Press: ? - help, Dir - move target, f/p - centaur
Aim: a centaur, wielding a +0 shortbow and quivering arrows (heavily wounded, weak-willed, empty space bonus: 6/8)
The air twists around and strikes the centaur!
The centaur is almost dead.
* * * LOW HITPOINT WARNING * * *
The centaur shoots an arrow.
The arrow hits you!
You die...

#..>..#.#.# #.#
#.#.###.#.# #.#
#.##....#.# #.# #.
####.#(# #.# #.
#..#.# #.# ## #.
#.##.# #. . #.
#.##c## ## #. #.#.#.#
## #@#..## #.
#...c##### #.
#........### ####.
#####...###.#.###....
#....................
#.####.####.#.#.#....
#...............
######.#†#.####.
##...## #.


You could see a centaur (weak-willed).

Vanquished Creatures
  An ice beast (D:5)
  A centaur (D:5)
  A necrophage (D:5)
  A kobold brigand (D:5)
  2 scorpions
  A centaur zombie (D:5)
  4 hounds
  Jessica (D:2)
  Ijyb (D:4)
  Terence (D:3)
  An iguana (D:4)
  An orc wizard (D:5)
  A killer bee zombie (D:5)
  4 adders
  3 dart slugs
  A worm (D:3)
  9 orcs
  5 ball pythons
  8 endoplasms
  3 giant cockroaches
  9 goblins
  8 hobgoblins
  6 jackals
  6 quokkas
  A bat (D:1)
  4 frilled lizards (D:1)
  9 kobolds
  7 rats
100 creatures vanquished.

Vanquished Creatures (others)
  17 plants (D:4)
17 creatures vanquished.

Grand Total: 117 creatures vanquished

Notes
Turn   | Place    | Note
-------+----------+-------------------------------------------
     0 | D:1      | Discosetron the Djinni Air Elementalist began the quest for
                  | the Orb.
     0 | D:1      | Reached XP level 1. HP: 15/15 MP: 0/0
   276 | D:1      | Reached XP level 2. HP: 17/21 MP: 0/0
   508 | D:1      | Reached skill level 3 in Spellcasting
   675 | D:1      | Found Dukiheof's Jewellery Boutique.
  1045 | D:1      | Reached XP level 3. HP: 22/25 MP: 0/0
  1045 | D:1      | Learned a level 1 spell: Slow
  1154 | D:1      | You are sucked into a shaft and drop 1 floor!
  1314 | D:3      | Found a bloodstained altar of Trog.
  1315 | D:3      | Found a hide-covered altar of Uskayaw.
  1360 | D:3      | Found a faded altar of an unknown god.
  2127 | D:2      | Noticed Jessica
  2129 | D:2      | Killed Jessica
  2130 | D:2      | Reached XP level 4. HP: 28/31 MP: 0/0
  2600 | D:3      | Reached skill level 4 in Spellcasting
  2686 | D:3      | Reached XP level 5. HP: 28/35 MP: 0/0
  2686 | D:3      | Learned a level 2 spell: Call Imp
  2728 | D:3      | Noticed Terence
  2743 | D:3      | Killed Terence
  3098 | D:3      | Found a shadowy altar of Dithmenos.
  3459 | D:4      | Reached XP level 6. HP: 23/40 MP: 0/0
  3807 | D:4      | Noticed Ijyb
  3816 | D:4      | Killed Ijyb
  3817 | D:4      | Reached skill level 5 in Spellcasting
  4734 | D:4      | Found a snail-covered altar of Cheibriados.
  4944 | D:5      | Entered Level 5 of the Dungeon
  4950 | D:5      | Reached XP level 7. HP: 21/45 MP: 0/0
  4950 | D:5      | Learned a level 3 spell: Ignite Poison
  5270 | D:5      | Reached skill level 6 in Spellcasting
  5654 | D:5      | Found a staircase to the Ecumenical Temple.
  5847 | Temple   | Entered the Ecumenical Temple
  5973 | Temple   | Became a worshipper of Makhleb the Destroyer
  6056 | D:5      | Found Tacweg's General Store.
  6078 | D:5      | Reached XP level 8. HP: 39/50 MP: 0/0
  6079 | D:5      | Reached skill level 7 in Spellcasting
  6258 | D:5      | Gained mutation: You are somewhat resistant to further
                  | mutation. [potion of mutation]
  6275 | D:5      | Shot with an arrow by a centaur

Illustrated notes

Levels and vault maps discovered:
D:1:      ncdulo_watergridlock, layout_loops_corners, serial_shops,
          nicolae_shop_competitors_out_of_business
D:2:      layout_basic, kennysheep_generic_room_12, uniq_jessica
D:3:      layout_loops_cross, nicolae_dithmenos_the_darkroom,
          grunt_temple_overflow_open, shapermc_ecumenical_altar_gd,
          kennysheep_potato, uniq_terence
D:4:      layout_basic, general_overflow_altar, serial_forest,
          infiniplex_forest_clump_curved, infiniplex_forest_corner_1,
          infiniplex_forest_split, infiniplex_forest_straight_5,
          infiniplex_forest_clump_medium, infiniplex_forest_straight_2,
          infiniplex_forest_clump_small, infiniplex_forest_clump_tiny,
          infiniplex_forest_clump_curved, infiniplex_forest_end_3,
          nrook_mini_backslash, uniq_ijyb
D:5:      layout_loops_ring, lemuel_temple_firewalk_b, serial_shops,
          shop_statue, minmay_manual_mares
Temple:   minmay_temple_bridge_abc

Skill      XL: |  1  2  3  4  5  6  7  8 |
---------------+-------------------------+-----
Spellcasting   | 3 4 5 6 7 |  7.2
Dodging        | |  2.1
Stealth        | |  1.5

Action                   |  1- 3 |  4- 6 |  7- 9 || total
-------------------------+-------+-------+-------++-------
 Cast: Shock             |    71 |   114 |    42 ||   227
       Static Discharge  |       |     6 |     8 ||    14
       Airstrike         |       |     3 |     5 ||     8
Evoke: Wand              |       |       |     1 ||     1
  Use: Scroll            |       |       |     3 ||     3
       Potion            |       |       |     3 ||     3
Armor: Robe              |     1 |     1 |     1 ||     3
Dodge: Dodged            |     2 |     5 |    16 ||    23
